 Dungeon Crawl Stone Soup version 0.31-a0-1008-g5b978dac0e (webtiles) character file.

Game seed: 12083378905015691086

201 Gynju the Trooper (level 5, -2/48 HPs)
             Began as a Minotaur Fighter on Nov 13, 2023.
             Succumbed to a scorpion's poison
             ... on level 4 of the Dungeon.
             The game lasted 00:04:02 (3006 turns).

Gynju the Trooper (Minotaur Fighter)                Turns: 3006, Time: 00:04:03

Health: -2/48      AC:  9    Str: 22    XL:     5   Next: 50%
Magic:  0/1        EV:  8    Int:  5    God:
Gold:   205        SH:  4    Dex: 10    Spells: 4/4 levels left

rFire   . . .        n - +1 war axe (antimagic)
rCold   . . .        c - +0 buckler
rNeg    . . .        p - +0 chain mail
rPois   .            (helmet restricted)
rElec   .            (no cloak)
rCorr   .            (no gloves)
SInv    .            (no boots)
Will    .....        f - amulet of guardian spirit Stlth
                     (no ring)
HPRegen 0.28/turn    (no ring)
MPRegen 0.07/turn

%: guardian spirit
@: lethally poisoned (-2 -> -22)
A: horns 2, retaliatory headbutt
a: no special abilities


You were on level 4 of the Dungeon.
You visited 1 branch of the dungeon, and saw 4 of its levels.

You collected 205 gold pieces.

Inventory:

Hand Weapons
 a - a +0 war axe
 n - a +1 antimagic war axe (weapon)
Armour
 b - a +0 scale mail
 c - a +0 buckler (worn)
 p - a +0 chain mail (worn)
 t - a +0 pair of gloves
Jewellery
 f - an amulet of guardian spirit (around neck)
Wands
 m - a wand of quicksilver (7)
Scrolls
 g - 2 scrolls of teleportation {unknown}
 j - 3 scrolls of revelation {unknown}
 k - a scroll of amnesia {unknown}
 l - a scroll of noise {unknown}
 o - 2 scrolls of enchant armour {unknown}
 q - a scroll of fog {unknown}
 r - a scroll of blinking {unknown}
 s - a scroll of identify {unknown}
Potions
 d - a potion of might
 e - 2 potions of degeneration {unknown}
 h - 2 potions of attraction {unknown}
 i - 2 potions of curing {unknown}


   Skills:
 + Level 5.0 Fighting
 * Level 4.8 Axes
 - Level 4.4 Armour
 - Level 4.4 Shields


You had 4 spell levels left.
You didn't know any spells.
Your spell library contained the following spells:

 Spells                   Type           Power      Damage    Failure   Level
 Freeze                   Ice            0%         1d3       99%         1
 Call Canine Familiar     Summ           0%         N/A       100%        3
 Frozen Ramparts          Ice            0%         1d1       100%        3
 Hailstorm                Conj/Ice       0%         3d3       100%        3
 Sigil of Binding         Hex            0%         N/A       100%        3
 Dimensional Bullseye     Hex/Tloc       0%         N/A       100%        4
 Leda's Liquefaction      Hex/Erth       0%         N/A       100%        4
 Summon Ice Beast         Ice/Summ       0%         N/A       100%        4
 Simulacrum               Ice/Necr       0%         N/A       100%        6


Dungeon Overview and Level Annotations

Branches:
Dungeon (4/15)
 Temple: D:4-7

Altars:
Qazlal
Trog


Innate Abilities, Weirdness & Mutations

You have a pair of horns on your head.
You reflexively headbutt those who attack you in melee.


Message History

You hit the scorpion but do no damage.
You feel sick. The scorpion stings you.
The scorpion stings you but does no damage.
You are too injured to fight recklessly!
You are too injured to fight recklessly!
You are too injured to fight recklessly!
You are too injured to fight recklessly!
You closely miss the scorpion. Your headbutt misses the scorpion.
You feel sick. You block the scorpion's attack.
The scorpion closely misses you.
You hit the scorpion.
The scorpion is lightly wounded.
You feel sick.
The scorpion stings you but does no damage.
You hit the scorpion. Your headbutt misses the scorpion.
The scorpion is lightly wounded.
You feel sick.
The scorpion stings you but does no damage. x2
You slash the scorpion! Your headbutt misses the scorpion.
The scorpion is almost dead.
You feel sick.
You are no longer poisoned.
The scorpion stings you.
You are poisoned.
The scorpion poisons you! The scorpion stings you.
You are lethally poisoned!
The scorpion poisons you!
You barely miss the scorpion. Your headbutt misses the scorpion.
The scorpion is almost dead.
* * * LOW HITPOINT WARNING * * *
You feel extremely sick. The scorpion stings you.
* * * LOW HITPOINT WARNING * * *
You are more poisoned.
The scorpion poisons you!
You hit the scorpion.
You kill the scorpion!
* * * LOW HITPOINT WARNING * * *
You feel extremely sick.
Your Fighting skill increases to level 5!
You die...

.............# #.+
##..#..##.#..##..#
.......##.#..#...#
##....##.........#
##........#.#.##.#
####..#####>#.#..# #
#........#.#..+
.................#
###...........$.@#
#.....♣.♣..##.........
#....♣............#.##
#.....♣.♣.....##..# .
♣♣.....[. ..# ........
.... .......... .##.
...##.... .# ###


There were no monsters in sight!

Vanquished Creatures
  A scorpion (D:4)
  A hound (D:4)
  5 adders
  3 worms (D:2)
  4 dart slugs
  2 orcs (D:3)
  2 ball pythons (D:2)
  3 bats
  4 endoplasms
  2 giant cockroaches
  5 goblins
  7 hobgoblins
  2 quokkas
  A frilled lizard (D:1)
  4 kobolds
  9 rats
55 creatures vanquished.

Notes
Turn   | Place    | Note
-------+----------+-------------------------------------------
     0 | D:1      | Gynju the Minotaur Fighter began the quest for the Orb.
     0 | D:1      | Reached XP level 1. HP: 19/19 MP: 0/0
   183 | D:1      | Reached XP level 2. HP: 26/27 MP: 1/1
  1082 | D:2      | Reached skill level 4 in Fighting
  1167 | D:2      | Reached XP level 3. HP: 33/33 MP: 2/2
  2115 | D:3      | Reached XP level 4. HP: 37/40 MP: 1/3
  2841 | D:4      | Found a bloodstained altar of Trog.
  2841 | D:4      | Found a stormy altar of Qazlal.
  2958 | D:4      | Reached XP level 5. HP: 46/47 MP: 1/4
  3005 | D:4      | HP: 2/47 [poisoned by a scorpion]
  3006 | D:4      | Reached skill level 5 in Fighting
  3006 | D:4      | Succumbed to a scorpion's poison

Illustrated notes

Levels and vault maps discovered:
D:1:      minmay_arrival_diagonal_passages, layout_basic,
          chequers_serial_rivers_large_b
D:2:      layout_basic
D:3:      layout_loops_cross
D:4:      layout_loops_cross, gammafunk_temple_overflow_statue,
          roderic_cross_of_infinity, hangedman_decor_points, chequers_garden

Skill      XL: |  1  2  3  4  5 |
---------------+----------------+-----
Fighting       | 4 5 |  5.0
Axes           | 3 4 |  4.8
Armour         | 4 |  4.4
Shields        | 4 |  4.4

Action                     |  1- 3 |  4- 6 || total
---------------------------+-------+-------++-------
  Melee: War axe           |    81 |    41 ||   122
         Headbutt          |    11 |     3 ||    14
 Armour: Scale mail        |    72 |       ||    72
         Chain mail        |     1 |    33 ||    34
  Dodge: Dodged            |    40 |    17 ||    57
  Block: Buckler           |    15 |     8 ||    23

Table legend: (Time is in decaauts)
 A = Elapsed time spent in this place.
 B = Non-inter-level travel time spent in this place.
 C = Inter-level travel time spent in this place.
 D = Time resting spent in this place.
 E = Time spent auto-exploring this place.
 F = Levels seen in this place.
 G = Mean time per level.
                   A        B        C        D        E       F      G
               +--------+--------+--------+--------+--------+-----+--------+
         Total |   3076 |   2940 |    136 |      0 |   2538 |   4 |  769.0 |
       Dungeon |   3076 |   2940 |    136 |      0 |   2538 |   4 |  769.0 |
               +--------+--------+--------+--------+--------+-----+--------+

Top non-repeatable levels by time:
     D:1: 1084 daAuts
     D:2: 1081 daAuts
     D:3: 689 daAuts
     D:4: 220 daAuts
